 Dungeon Crawl Stone Soup version 0.26-a0-808-g930a2b7adc (webtiles) character file.

Game seed: 8949396000853273380

44 Riddle the Caller (level 3, -2/24 HPs)
             Began as a Barachi Summoner on Nov 12, 2020.
             Killed by divine providence
             ... invoked by an orc priest
              (15 damage)
             ... on level 3 of the Dungeon.
             The game lasted 00:04:41 (2761 turns).

Riddle the Caller (Barachi Summoner)                Turns: 2761, Time: 00:04:44

Health: -2/24      AC:  3    Str:  9    XL:     3   Next: 60%
Magic:  0/7        EV: 12    Int: 16    God:
Gold:   108        SH:  0    Dex: 12    Spells: 6/7 levels left

rFire    . . .     SeeInvis .   (no weapon)
rCold    . . .     Faith    .   (no shield)
rNeg     . . .     Spirit   .   a - +0 robe
rPois    .         Reflect  .   (no helmet)
rElec    .         Harm     .   (no cloak)
rCorr    .         Rampage  .   d - +0 pair of gloves (curse)
MR       .....                  (no boots)
Stlth    ++........             (no amulet)
HPRegen  0.08/turn              (no ring)
MPRegen  0.10/turn              (no ring)

@: slow
A: +LOS, swims, slowness 1, strong legs 1
a: Hop


You were on level 3 of the Dungeon.
You visited 1 branch of the dungeon, and saw 3 of its levels.

You collected 108 gold pieces.

Inventory:

Armour
 a - a +0 robe (worn)
 d - a cursed +0 pair of gloves (worn)
Jewellery
 r - a cursed amulet of inaccuracy {unknown}
Scrolls
 e - 3 scrolls of teleportation {unknown}
 f - 4 scrolls of identify {unknown}
 h - 2 scrolls of amnesia {unknown}
 j - a scroll of immolation {unknown}
 l - a scroll of blinking {unknown}
 n - 3 scrolls of remove curse {unknown}
 o - a scroll of enchant weapon {unknown}
 q - a scroll of random uselessness {unknown}
 s - a scroll of fog {unknown}
Potions
 b - a potion of ambrosia {unknown}
 c - 2 potions of curing {unknown}
 g - a potion of lignification {unknown}
 i - 2 potions of haste {unknown}
 k - a potion of invisibility {unknown}
 m - a potion of degeneration {unknown}
 p - a potion of attraction {unknown}


   Skills:
 - Level 2.1 Dodging
 - Level 1.7 Stealth
 + Level 2.8 Spellcasting
 * Level 5.9 Summonings


You had 6 spell levels left.
You knew the following spells:

 Your Spells              Type           Power        Failure   Level
a - Summon Small Mammal   Summ           ###.         1%          1

Your spell library contained the following spells:

 Spells                   Type           Power        Failure   Level
 Call Imp                 Summ           ###.....     2%          2
 Call Canine Familiar     Summ           ###.....     4%          3
 Summon Guardian Golem    Hex/Summ       ##......     17%         3
 Summon Ice Beast         Ice/Summ       ##......     50%         4
 Summon Lightning Spire   Summ/Air       ##......     50%         4


Dungeon Overview and Level Annotations

Branches:
Dungeon (3/15)

Altars:
Dithmenos


Innate Abilities, Weirdness & Mutations

You can be seen from farther away. (+LOS)
You can swim through water.
You cover ground slowly.
You can hop short distances.


Message History

You closely miss the orc priest.
The orc priest is severely wounded.
Your quokka barely misses the orc priest.
The orc priest hits you.
Your rat barely misses the orc priest.
You hit the orc priest but do no damage.
The orc priest is heavily wounded.
Your quokka bites the orc priest.
The orc priest hits you.
Your rat bites the orc priest but does no damage.
You closely miss the orc priest.
The orc priest is severely wounded.
Your quokka misses the orc priest. The orc priest closely misses you.
Your quokka closely misses the orc priest.
Your rat bites the orc priest but does no damage.
You hit the orc priest.
The orc priest is severely wounded.
Your quokka misses the orc priest.
The orc priest invokes the aid of Beogh against you.
Beogh smites you!
Ouch! That really hurt!
You die...

.....# #o##...# .....#
#.####.#### .... #.........# ...
###.##.##.# #.# #.##.##.#
#######.# #)...##.# .#.......####
#..####.# .#..........#
#or####.###### .)..#....##.#
##@r..........# ......##.##.#
#.......#####.#
##..#....##.###.#.###.#####.#####
###..............###.....(......
#....##.##.###.##.......##.#####
#(##........# #.##........#.# #
#...#..†### #.............#
#####...# ##.#........### #...#
#.#.#.....##


You could see an orc priest, a friendly quokka (summoned) and a friendly rat
(summoned).

Vanquished Creatures (collateral kills)
  2 adders (D:2)
  A dart slug (D:1)
  A leopard gecko (D:1)
  2 orcs (D:3)
  A ball python (D:1)
  11 bats
  4 giant cockroaches
  9 goblins
  5 hobgoblins
  3 jackals (D:2)
  3 kobolds
  4 rats
46 creatures vanquished.

Notes
Turn   | Place    | Note
-------+----------+-------------------------------------------
     0 | D:1      | Riddle the Barachi Summoner began the quest for the Orb.
     0 | D:1      | Reached XP level 1. HP: 13/13 MP: 3/3
   181 | D:1      | Reached skill level 5 in Summonings
   356 | D:1      | Reached XP level 2. HP: 19/19 MP: 1/5
  1079 | D:2      | Reached XP level 3. HP: 24/24 MP: 3/6
  1352 | D:2      | Found a shadowy altar of Dithmenos.
  2761 | D:3      | Killed from afar by an orc priest

Illustrated notes

Levels and vault maps discovered:
D:1:      psy_arrival_statuary, layout_loops_cross, minmay_misc_feat_alley,
          chequers_serial_rivers_micro_c
D:2:      layout_basic, grunt_dithmenos_smoke
D:3:      minmay_evil_eye, layout_loops_cross, chequers_ecumenical_altar_twisty,
          hangedman_decor_opposing

Skill      XL: |  1 |
---------------+----+-----
Summonings     | 5 |  5.9
Dodging        | |  2.1
Stealth        | |  1.7
Spellcasting   | |  2.8

Action                   || total
-------------------------++-------
Melee: Unarmed           ||    17
 Cast: Summon Small Mamm ||   126
Armor: Robe              ||    18
Dodge: Dodged            ||    50

Table legend: (Time is in decaauts)
 A = Elapsed time spent in this place.
 B = Non-inter-level travel time spent in this place.
 C = Inter-level travel time spent in this place.
 D = Time resting spent in this place.
 E = Time spent auto-exploring this place.
 F = Levels seen in this place.
 G = Mean time per level.
                   A        B        C        D        E       F      G
               +--------+--------+--------+--------+--------+-----+--------+
         Total |   3047 |   2995 |     52 |    236 |   2174 |   3 | 1015.7 |
       Dungeon |   3047 |   2995 |     52 |    236 |   2174 |   3 | 1015.7 |
               +--------+--------+--------+--------+--------+-----+--------+

Top non-repeatable levels by time:
     D:2: 1554 daAuts
     D:1: 1121 daAuts
     D:3: 372 daAuts
